 Dungeon Crawl Stone Soup version 0.28.0-53-g5a82cb258f (webtiles) character file.

Game seed: 9408201412142080516

511 LustLizard the Skirmisher (level 6, -1/49 HPs)
             Began as a Demonspawn Wanderer on June 28, 2022.
             Slain by a lemure (4 damage)
             ... led by Pikel
             ... on level 4 of the Dungeon.
             The game lasted 00:11:38 (3777 turns).

LustLizard the Skirmisher (Demonspawn Wanderer)     Turns: 3777, Time: 00:11:38

Health: -1/49      AC: 16    Str: 19    XL:     6   Next: 99%
Magic:  7/7        EV:  5    Int: 12    God:
Gold:   119        SH:  5    Dex: 15    Spells: 7/7 levels left

rFire   + + .      SeeInvis .   o - +5 mace of Oenomania {flame, Drain rF++ rN+}
rCold   . . .      Faith    .   b - +0 buckler {AC+3}
rNeg    + . .      Spirit   .   q - +0 plate armour
rPois   .          Reflect  .   (no helmet)
rElec   .          Harm     .   c - +0 cloak
rCorr   .          Rampage  .   g - +0 pair of gloves
Will    .....                   (no boots)
Stlth   ..........              (no amulet)
HPRegen 0.16/turn               i - +6 ring of strength
MPRegen 0.10/turn               (no ring)

@: no status effects
A: claws 2, hooves 1
a: no special abilities


You were on level 4 of the Dungeon.
You visited 1 branch of the dungeon, and saw 5 of its levels.

You collected 119 gold pieces.

Inventory:

Hand Weapons
 a - a +0 spear
 o - the +5 mace of Oenomania (weapon) {flame, Drain rF++ rN+}
   (You found it on level 3 of the Dungeon)

   It burns those it strikes, dealing additional fire damage.
   rF:        It greatly protects you from fire.
   rN:        It protects you from negative energy.
   Drain:     It drains your maximum health when unequipped.
Missiles
 f - 121 stones (quivered)
 v - 3 atropa-tipped darts
Armour
 b - a +0 buckler of protection (worn)
 c - a +0 cloak (worn)
 d - a +0 robe
 g - a +0 pair of gloves (worn)
 k - a +0 scale mail
 q - a +0 plate armour (worn)
Jewellery
 i - a +6 ring of strength (left hand)
 s - a +4 ring of protection
 t - an amulet of reflection
Wands
 A - a wand of charming (10)
Scrolls
 e - 4 scrolls of magic mapping {unknown}
 m - 3 scrolls of teleportation {unknown}
 p - a scroll of holy word {unknown}
 u - 2 scrolls of amnesia {unknown}
 w - a scroll of immolation {unknown}
 y - a scroll of noise {unknown}
 C - 2 scrolls of fear {unknown}
Potions
 h - a potion of haste {unknown}
 j - 2 potions of attraction {unknown}
 l - a potion of ambrosia {unknown}
 n - 2 potions of curing {unknown}
 r - a potion of berserk rage {unknown}
 x - a potion of might {unknown}
 z - a potion of cancellation {unknown}
 B - a potion of degeneration {unknown}


   Skills:
 + Level 4.3 Fighting
 * Level 3.1 Maces & Flails
 - Level 1.8 Polearms
 * Level 0.9 Throwing
 - Level 2.5 Armour
 - Level 1.0 Dodging
 - Level 2.7 Stealth
 - Level 3.6 Shields
 - Level 1.0 Spellcasting
 * Level 1.8 Evocations


You had 7 spell levels left.
You didn't know any spells.
Your spell library contained the following spells:

 Spells                   Type           Power      Damage    Failure   Level
 Gell's Gravitas          Tloc           0%         N/A       100%        3
 Lesser Beckoning         Tloc           0%         N/A       100%        3
 Teleport Other           Tloc           0%         N/A       100%        3


Dungeon Overview and Level Annotations

Branches:
Dungeon (5/15)
 Temple: D:4-7

Altars:
Gozag
Trog
Wu Jian

Annotations:
D:5 Grinder, Pikel


Innate Abilities, Weirdness & Mutations

You have very sharp fingernails.
You have large cloven feet.


Message History

That felt strangely unrewarding.
The lemure hits you.
* * * LOW HITPOINT WARNING * * *
The lemure hits you but does no damage.
You closely miss the lemure. The lemure hits you but does no damage.
You barely miss the lemure. The lemure hits you.
* * * LOW HITPOINT WARNING * * *
You hit the lemure but do no damage. Your kick misses the lemure.
The lemure hits you but does no damage. The lemure hits you.
* * * LOW HITPOINT WARNING * * *
You barely miss the lemure. The lemure hits you.
* * * LOW HITPOINT WARNING * * *
You hit the lemure but do no damage. Your kick misses the lemure.
The lemure hits you.
* * * LOW HITPOINT WARNING * * *
Sorry, you're not good enough to have a special ability.
Okay, then.
Okay, then.
Sorry, you're not good enough to have a special ability.
Unknown command.
You hit the lemure. You burn the lemure. Your kick misses the lemure.
The lemure is lightly wounded.
The lemure hits you but does no damage.
You barely miss the lemure. You kick the lemure, but do no damage.
The lemure is lightly wounded.
The lemure hits you but does no damage. x2
You completely miss the lemure. You kick the lemure.
The lemure is moderately wounded.
You block the lemure's attack.
You hit the lemure. You burn the lemure.
The lemure is heavily wounded.
The lemure hits you.
* * * LOW HITPOINT WARNING * * *
You barely miss the lemure.
The lemure is heavily wounded.
The lemure hits you.
* * * LOW HITPOINT WARNING * * *
You barely miss the lemure. You kick the lemure.
The lemure is heavily wounded.
The lemure hits you.
You die...

.##..# #.##.# .....#
#..#.# ...###
##.#.#### ...#
#######.#....# ...#
#............# ####
#............#
########............#
....................#
......>......(..@####
<..............5.#
................[#
............[....#
.................#
........##########
#########


You could see a lemure.

Vanquished Creatures
  A necrophage (D:5)
  A lemure (D:4)
  A phantom (D:4)
  A scorpion (D:4)
  2 jellies (D:4)
  2 orc wizards (D:4)
  A hound zombie (D:5)
  A hound skeleton (D:4)
  5 adders
  An adder skeleton (D:5)
  3 worms
  A dart slug (D:1)
  13 orcs
  4 ball pythons
  4 bats
  5 endoplasms
  3 giant cockroaches
  12 goblins
  6 hobgoblins
  5 jackals
  2 quokkas
  3 frilled lizards
  7 kobolds
  4 rats
88 creatures vanquished.

Notes
Turn   | Place    | Note
-------+----------+-------------------------------------------
     0 | D:1      | LustLizard the Demonspawn Wanderer began the quest for the
                  | Orb.
     0 | D:1      | LustLizard set off with the following items: a +0 spear, a
                  | +0 buckler of protection, a +0 cloak, a +0 robe
     0 | D:1      | Reached XP level 1. HP: 18/18 MP: 2/2
   217 | D:1      | Discovered your monstrous ancestry.
   217 | D:1      | Gained mutation: You have large cloven feet. [demonic
                  | ancestry]
   217 | D:1      | Reached XP level 2. HP: 24/24 MP: 3/3
   372 | D:1      | Reached skill level 1 in Stealth
   670 | D:1      | Reached skill level 1 in Armour
   670 | D:1      | Gained mutation: You have sharp fingernails. [demonic
                  | ancestry]
   670 | D:1      | Reached XP level 3. HP: 29/29 MP: 4/4
  1797 | D:3      | Identified the +5 mace of Oenomania {flame, Drain rF++ rN+}
  1967 | D:3      | Gained mutation: You have very sharp fingernails. [demonic
                  | ancestry]
  1967 | D:3      | Reached XP level 4. HP: 35/35 MP: 5/5
  2473 | D:4      | Reached skill level 1 in Maces & Flails
  2668 | D:4      | Found an ornate altar of the Wu Jian Council.
  2676 | D:4      | Noticed a phantom
  2810 | D:4      | Noticed a scorpion
  2811 | D:4      | Reached XP level 5. HP: 42/42 MP: 6/6
  2882 | D:4      | Reached skill level 4 in Fighting
  2969 | D:4      | Reached XP level 6. HP: 31/48 MP: 7/7
  3279 | D:4      | Reached skill level 1 in Evocations
  3461 | D:4      | Found a bloodstained altar of Trog.
  3636 | D:5      | Entered Level 5 of the Dungeon
  3745 | D:5      | Noticed Pikel
  3747 | D:5      | Found an opulent altar of Gozag.
  3756 | D:5      | Noticed Grinder
  3777 | D:4      | Slain by a lemure

Illustrated notes

Levels and vault maps discovered:
D:1:      noname_arrival_rooms_in_the_neighbourhood, layout_basic
D:2:      layout_basic, minmay_tetromino_t2
D:3:      minmay_general_purpose_star, layout_rooms, serial_curves,
          eino_curves_03, eino_curves_01, corexii_shack
D:4:      layout_basic, nicolae_wu_jian_wuxing_cycle, marbit_many_paths,
          minmay_misc_feat_alley
D:5:      layout_rooms, grunt_gozag_statues, minmay_temple_entry_glass,
          uniq_blork_the_orc, uniq_duvessa, uniq_pikel, uniq_grinder

Skill      XL: |  1  2  3  4  5  6 |
---------------+-------------------+-----
Stealth        | 1 2 |  2.7
Armour         | 1 2 |  2.5
Maces & Flails | 1 2 3 |  3.1
Fighting       | 4 |  4.3
Evocations     | 1 |  1.8
Polearms       | |  1.8
Throwing       | |  0.9
Dodging        | |  1.0
Shields        | |  3.6
Spellcasting   | |  1.0

Action                   |  1- 3 |  4- 6 || total
-------------------------+-------+-------++-------
Melee: Spear             |   144 |       ||   144
       Kick              |    26 |    26 ||    52
       Mace              |     4 |   127 ||   131
Throw: Stone             |     1 |    35 ||    36
 Stab: Sleeping          |     4 |       ||     4
Armor: Robe              |    26 |       ||    26
       Scale mail        |    15 |       ||    15
       Plate armour      |       |    85 ||    85
Dodge: Dodged            |    43 |    22 ||    65
Block: Buckler           |    18 |    19 ||    37
